 Dungeon Crawl Stone Soup version 0.31-a0-1620-gcbf77bbcfc (webtiles) character file.

Game seed: 3436122510691010898

405 Flugslaktarn the Trooper (level 6, -7/57 HPs)
             Began as a Minotaur Fighter on Jan 11, 2024.
             Mangled by an iguana (12 damage)
             ... on level 4 of the Dungeon.
             The game lasted 00:01:24 (2935 turns).

Flugslaktarn the Trooper (Minotaur Fighter)         Turns: 2935, Time: 00:01:24

Health: -7/57      AC:  7    Str: 22    XL:     6   Next: 56%
Magic:  5/5        EV: 14    Int:  5    God:
Gold:   226        SH:  4    Dex: 10    Spells: 5/5 levels left

rFire   + . .        a - +0 war axe
rCold   + . .        c - +0 buckler
rNeg    . . .        b - +0 scale mail
rPois   +            (helmet restricted)
rElec   +            (no cloak)
rCorr   +            (no gloves)
SInv    .            (no boots)
Will    .....        h - amulet of the acrobat Stlth
                     v - +5 ring of evasion
HPRegen 0.29/turn    (no ring)
MPRegen 0.09/turn

%: acrobat
@: resistant, on berserk cooldown, slowed, very slow
A: horns 2, retaliatory headbutt
a: no special abilities


You were on level 4 of the Dungeon.
You visited 1 branch of the dungeon, and saw 4 of its levels.

You collected 226 gold pieces.

Inventory:

Hand Weapons
 a - a +0 war axe (weapon)
Armour
 b - a +0 scale mail (worn)
 c - a +0 buckler (worn)
Jewellery
 h - an amulet of the acrobat (around neck)
   (You found it on level 1 of the Dungeon)
 p - an amulet of faith
   (You found it on level 3 of the Dungeon)
 r - a ring of fire
   (You found it on level 4 of the Dungeon)
 v - a +5 ring of evasion (left hand)
   (You found it on level 2 of the Dungeon)
Scrolls
 f - a scroll of poison {unknown}
 g - a scroll of identify {unknown}
 t - 2 scrolls of teleportation
 z - 2 scrolls of blinking
Potions
 d - a potion of might
 e - a potion of mutation {unknown}
 i - a potion of lignification
 j - a potion of attraction
 k - a potion of brilliance {unknown}
 n - 2 potions of resistance
 o - a potion of berserk rage
 q - a potion of cancellation {unknown}


   Skills:
 * Level 6.1 Fighting
 * Level 5.2 Axes
 + Level 4.8 Armour
 + Level 4.8 Shields


You had 5 spell levels left.
You didn't know any spells.
Your spell library was empty.

Dungeon Overview and Level Annotations

Branches:
Dungeon (4/15)
 Temple: D:4-7

Altars:
Makhleb
Okawaru
Yredelemnul


Innate Abilities, Weirdness & Mutations

You have a pair of horns on your head.
You reflexively headbutt those who attack you in melee.


Message History

You slash the orc wizard!
The orc wizard is severely wounded.
The orc wizard casts a spell at you. You resist with some effort.
The orc priest calls upon Beogh to heal the orc wizard.
The orc wizard is healed somewhat.
You slash the orc wizard!
You kill the orc wizard!
The orc priest hits you from afar with a +0 trident.
* * * LOW HITPOINT WARNING * * *
The orc priest hits you from afar with a +0 trident.
* * * LOW HITPOINT WARNING * * *
You aren't carrying any items that you can evoke.
Unknown command.
As you read the scroll labelled MIWAUL USILENG, it crumbles to dust.
You feel a strange sense of stasis.
It was a scroll of teleportation.
t - 2 scrolls of teleportation The orc priest hits you but does no damage.
Unknown command.
As you read the scroll labelled YPIGER MEPUOT, it crumbles to dust.
You cannot blink because you are held in place by your roots.
It was a scroll of blinking.
z - 2 scrolls of blinking The orc priest looks satisfied for a moment.
Okay, then.
It was a potion of attraction.
You feel attractive to monsters.
The orc priest hits you but does no damage.
The orc priest is attracted toward you.
Okay, then.
You are too injured to fight recklessly!
You slice the orc priest!!
You kill the orc priest!
Your Axes skill increases to level 5!
You cannot move.
You are too injured to fight recklessly!
You cannot move.
Unknown command.
You start resting.
Your transformation is almost over.
You feel less wooden.
Your +0 scale mail unmelds from your body.
You start resting.
You feel less attractive to monsters.
You start resting.
A phantom comes into view.
Unknown command.
You are too injured to fight recklessly!
An orc priest comes into view. It is wielding a +0 falchion.
The orc priest shouts!
You are too injured to fight recklessly!
You hit the phantom. You headbutt the phantom.
The phantom is heavily damaged.
You block the phantom's attack.
An orc priest comes into view. It is wielding a +0 dagger.
The orc priest invokes the aid of Beogh against you.
Beogh smites you!
* * * LOW HITPOINT WARNING * * *
The orc priest shouts!
You hear a shout!
You are too injured to fight recklessly!
You barely miss the phantom. Your headbutt misses the phantom.
The phantom is heavily damaged.
The phantom hits you but does no damage.
The orc priest looks encouraged for a moment.
You are too injured to fight recklessly!
The phantom attacks as it pursues you! The phantom barely misses you.
You furiously retaliate!
You headbutt the phantom! The phantom attacks as it pursues you!
The phantom completely misses you.
It was a potion of resistance.
You feel protected.
n - 2 potions of resistance;
o - 2 sedimented golden potions The phantom hits you but does no damage.
It was a potion of berserk rage.
A red film seems to cover your vision as you go berserk!
You feel yourself moving faster!
You feel mighty! The phantom hits you.
* * * LOW HITPOINT WARNING * * *
The phantom blinks!
You blink.
You are too injured to fight recklessly!
You miss the phantom.
The phantom is severely damaged.
The phantom misses you.
You slash the phantom!
You destroy the phantom!
Your Fighting skill increases to level 6!
An iguana comes into view.
You feel a strong urge to attack something.
The iguana hisses angrily.
You feel your anger nearly subside.
You are no longer berserk.
You are exhausted.
You feel yourself slow down.
You hit the iguana.
The iguana is moderately wounded.
The iguana bites you.
* * * LOW HITPOINT WARNING * * *
The iguana closely misses you.
You are too injured to fight recklessly!
You closely miss the iguana.
The iguana is moderately wounded.
The iguana bites you!
You die...

#...# #.... #...#
o... # #...# #... #
#...# ###.. # #...#
..#.. # #...# #.#.#
# #.l.# #.#.# ##
#.@.# #.#.######.
+...#.###.#........
#...#....))o#######
#...####..).# #
###......##.# #
###.>####.# # ##.#
#?# # .# #.# .# #.#


You could see an iguana.

Vanquished Creatures
  A phantom (D:4)
  A bombardier beetle (D:3)
  A hound (D:4)
  2 orc priests (D:4)
  An orc wizard (D:4)
  4 gnolls (D:4)
  5 adders
  4 dart slugs
  4 ribbon worms
  An orc (D:4)
  4 ball pythons
  12 bats
  5 endoplasms
  4 giant cockroaches
  3 goblins
  9 hobgoblins
  4 jackals (D:2)
  8 kobolds
  5 quokkas
  6 frilled lizards
  9 rats
93 creatures vanquished.

Notes
Turn   | Place    | Note
-------+----------+-------------------------------------------
     0 | D:1      | Flugslaktarn the Minotaur Fighter began the quest for the
                  | Orb.
     0 | D:1      | Reached XP level 1. HP: 19/19 MP: 0/0
    77 | D:1      | Reached XP level 2. HP: 23/27 MP: 1/1
   180 | D:1      | Reached skill level 4 in Fighting
   414 | D:1      | Reached XP level 3. HP: 33/33 MP: 2/2
   929 | D:2      | Reached XP level 4. HP: 30/41 MP: 3/3
  2065 | D:3      | Reached skill level 5 in Fighting
  2167 | D:3      | Found a burning altar of Makhleb.
  2216 | D:3      | Found a basalt altar of Yredelemnul.
  2280 | D:3      | Reached XP level 5. HP: 48/48 MP: 4/4
  2669 | D:4      | Found an iron altar of Okawaru.
  2874 | D:4      | Reached XP level 6. HP: 29/57 MP: 5/5
  2882 | D:4      | Reached skill level 5 in Axes
  2929 | D:4      | Reached skill level 6 in Fighting
  2935 | D:4      | Mangled by an iguana

Illustrated notes

Levels and vault maps discovered:
D:1:      psy_arrival_dodecagon, layout_loops_ring
D:2:      minmay_recursive_quarters, layout_loops_corners,
          grunt_decor_resistance
D:3:      layout_basic, lightli_temple_of_fire, amcnicky_altar_gilded,
          serial_bayou_pond_d, serial_bayou_crossing
D:4:      layout_basic, mainiacjoe_overflow_six_doors_small,
          mainiacjoe_overflow_cross_hatched, roderic_filled_cross,
          chequers_serial_rivers_room_b, hangedman_decor_push,
          nicolae_shop_unique_rings

Skill      XL: |  1  2  3  4  5  6 |
---------------+-------------------+-----
Fighting       | 4 5 6 |  6.1
Axes           | 3 4 5 |  5.2
Shields        | 4 |  4.8
Armour         | 4 |  4.8

Action                     |  1- 3 |  4- 6 || total
---------------------------+-------+-------++-------
  Melee: War axe           |    78 |    97 ||   175
         Headbutt          |    10 |    16 ||    26
    Use: Potion            |       |     4 ||     4
         Scroll            |       |     2 ||     2
 Armour: Scale mail        |    46 |    32 ||    78
         Skin              |       |    11 ||    11
  Dodge: Dodged            |    29 |    82 ||   111
  Block: Buckler           |    20 |    25 ||    45

Table legend: (Time is in decaauts)
 A = Elapsed time spent in this place.
 B = Non-inter-level travel time spent in this place.
 C = Inter-level travel time spent in this place.
 D = Time resting spent in this place.
 E = Time spent auto-exploring this place.
 F = Levels seen in this place.
 G = Mean time per level.
                   A        B        C        D        E       F      G
               +--------+--------+--------+--------+--------+-----+--------+
         Total |   3014 |   2968 |     46 |     37 |   2446 |   4 |  753.5 |
       Dungeon |   3014 |   2968 |     46 |     37 |   2446 |   4 |  753.5 |
               +--------+--------+--------+--------+--------+-----+--------+

Top non-repeatable levels by time:
     D:2: 1258 daAuts
     D:1: 737 daAuts
     D:3: 705 daAuts
     D:4: 312 daAuts
